 Dungeon Crawl Stone Soup version 0.23-a0-819-g6debee6 (console) character file.

189 bli the Chopper (level 6, -1/48 HPs)
             Began as a Formicid Abyssal Knight on Jan 22, 2019.
             Was a Priest of Lugonu.
             Killed from afar by an orc wizard (7 damage)
             ... with a magic dart
             ... on level 4 of the Dungeon.
             The game lasted 00:11:03 (2704 turns).

bli the Chopper (Formicid Abyssal Knight)           Turns: 2704, Time: 00:11:03

Health: -1/48      AC:  6    Str: 17    XL:     6   Next: 0%
Magic:  7/7        EV: 10    Int: 12    God:    Lugonu [***...]
Gold:   175        SH:  0    Dex: 11    Spells: 5/5 levels left

rFire    . . .     SeeInvis +   a - +1 hand axe (flame)
rCold    . . .     Gourm    .   (no shield)
rNeg     + . .     Faith    .   r - +0 ring mail
rPois    .         Spirit   .   (helmet unavailable)
rElec    .         Reflect  .   t - +0 cloak
rCorr    .         Harm     .   (no gloves)
MR       .....                  (no boots)
Stlth    +.........             (no amulet)
HPRegen  0.16/turn              D - ring of wizardry
MPRegen  0.10/turn              z - ring of positive energy

@: no status effects
A: permanent stasis, dig shafts and tunnels, four strong arms, antennae 3
a: Dig, Shaft Self, Depart the Abyss, Bend Space, Banish, Renounce Religion


You were on level 4 of the Dungeon.
You worshipped Lugonu.
Lugonu was most pleased with you.
You were hungry.

You visited 1 branch of the dungeon, and saw 4 of its levels.
You visited the Abyss 1 time.

You collected 175 gold pieces.

Inventory:

Hand Weapons
 a - a +1 hand axe of flaming (weapon)
 l - a +1 hand axe
 s - a +0 whip
 u - a +0 mace
 w - a +0 trident
 B - a +0 hunting sling
 C - a +0 blowgun
Missiles
 e - 29 stones
 g - 6 poisoned javelins (quivered)
 n - 10 poisoned needles
Armour
 b - a +0 leather armour
 r - a +0 ring mail (worn)
 t - a +0 cloak (worn)
 E - a +0 scale mail
Jewellery
 o - an uncursed ring of ice
 z - a ring of positive energy (right hand)
 D - a ring of wizardry (left hand)
 F - a cursed ring of attention {unknown}
Wands
 A - a wand of random effects (13)
Scrolls
 d - 5 scrolls of identify
 f - 2 scrolls of enchant armour {unknown}
 i - 2 scrolls of teleportation {unknown}
 j - 2 scrolls of remove curse
 p - 2 scrolls of magic mapping {unknown}
 q - a scroll of random uselessness {unknown}
 x - a scroll of immolation {unknown}
 y - a scroll of amnesia {unknown}
Potions
 k - a potion of ambrosia {unknown}
 m - 2 potions of agility {unknown}
 v - a potion of might {unknown}
Comestibles
 c - 3 rations


   Skills:
 + Level 3.8 Fighting
 * Level 5.2 Axes
 + Level 2.6 Armour
 - Level 0.8 Dodging
 - Level 2.1 Invocations


You had 5 spell levels left.
You didn't know any spells.
Your spell library contained the following spells:

 Spells                   Type           Power        Failure   Level  Hunger
 Magic Dart               Conj           #...         24%         1    ##.....
 Call Imp                 Summ           #.......     32%         2    ###....
 Slow                     Hex            #.......     32%         2    ###....
 Conjure Flame            Conj/Fire      #.......     54%         3    ####...
 Mephitic Cloud           Conj/Pois/Air  #.......     54%         3    ####...
 Blink                    Tloc           Unusable     N/A         2    N/A

Dungeon Overview and Level Annotations

Branches:
Dungeon (4/15)
 Temple: D:4-7

Altars:
Xom


Innate Abilities, Weirdness & Mutations

You cannot be hasted, slowed, berserked, paralysed or teleported.
You can dig through walls and to a lower floor.
Your four strong arms can wield two-handed weapons with a shield.
You have a pair of large antennae on your head. (SInv)


Message History

Lugonu accepts your kill.
You have reached level 6!
Your experience leads to an increase in your attributes!
Increase (S)trength, (I)ntelligence, or (D)exterity?
You feel stronger.
You hit the orc wizard. You burn the orc wizard.
You hit the orc wizard but do no damage.
The orc wizard hits you but does no damage.
The orc wizard barely misses you. The orc wizard completely misses you.
You hit the orc wizard. You burn the orc wizard.
The orc wizard is severely wounded.
You hit the orc wizard but do no damage.
The orc wizard barely misses you.
The orc wizard hits you but does no damage. x2
You hit the orc wizard but do no damage.
The orc wizard is almost dead.
Your ring mail prevents you from hitting the orc wizard.
The orc wizard gestures at you while chanting.
The magic dart hits you!
You die...

.........
#........# #
##........# ..
......#..#
.##..##....# #.###
.
....##....###....
...
##..##...........
.....#.).###(..#
#.#
._....o@...(...#
#.##..#
.....###o#.#.#.#
#.# ..# ...
#.#.#.#.###.##..#
.
................#
.###.#######.###.#
.. #.##.......##..
#. #.(............
#.
###.##...........
# ................
..##...........
#.##.......#...


You could see 2 orc wizards.

Vanquished Creatures
  An orc wizard (D:4)
  Robin (D:2)
  4 adders
  3 oozes
  A worm (D:2)
  A dart slug (D:1)
  2 leopard geckos
  5 orcs
  11 bats
  5 giant cockroaches
  15 goblins
  7 hobgoblins
  11 jackals
  5 frilled lizards
  7 kobolds
  6 rats
85 creatures vanquished.

Notes
Turn   | Place    | Note
-------+----------+-------------------------------------------
     0 | Abyss:1  | bli the Formicid Abyssal Knight began the quest for the
                  | Orb.
     0 | Abyss:1  | Reached XP level 1. HP: 18/18 MP: 2/2
    42 | Abyss:1  | Noticed a quasit
    52 | Abyss:1  | Noticed a small abomination
    80 | Abyss:2  | Noticed a small abomination
    91 | Abyss:2  | Noticed an orange demon
   106 | Abyss:2  | Noticed a large abomination
   106 | Abyss:2  | Noticed a large abomination
   106 | Abyss:2  | Noticed a large abomination
   111 | Abyss:2  | Found a corrupted altar of Lugonu.
   112 | Abyss:2  | Noticed a starcursed mass
   114 | Abyss:2  | Noticed a small abomination
   118 | D:1      | Escaped the Abyss
   267 | D:1      | Reached XP level 2. HP: 21/24 MP: 3/3
   415 | D:1      | Reached skill level 3 in Axes
   527 | D:1      | Reached XP level 3. HP: 29/29 MP: 4/4
   552 | D:1      | Reached * piety under Lugonu
   872 | D:2      | Noticed Robin
   967 | D:2      | Reached skill level 4 in Axes
   967 | D:2      | Reached XP level 4. HP: 24/35 MP: 5/5
  1341 | D:2      | Reached ** piety under Lugonu
  1410 | D:2      | Reached XP level 5. HP: 22/41 MP: 6/6
  1716 | D:2      | Killed Robin
  2189 | D:3      | Reached skill level 5 in Axes
  2248 | D:3      | Reached *** piety under Lugonu
  2673 | D:4      | Found a shimmering altar of Xom.
  2702 | D:4      | Reached XP level 6. HP: 5/48 MP: 7/7
  2704 | D:4      | Killed from afar by an orc wizard

Vault maps used:
D:1:      dpeg_arrival_concentric_ovals
D:2:      uniq_robin
D:3:      kennysheep_another_room
D:4:      lemuel_round_altar, gup_sewer_entry_bubbles, first_ration, uniq_pikel
Abyss:1:  minivault_27

Skill      XL: |  1  2  3  4  5 |
---------------+----------------+-----
Axes           | 3 4 5 |  5.2
Fighting       | |  3.8
Armour         | |  2.6
Dodging        | |  0.8
Invocations    | |  2.1

Action                   |  1- 3 |  4- 6 || total
-------------------------+-------+-------++-------
Melee: Hand axe          |    76 |   189 ||   265
Throw: Javelin           |       |     1 ||     1
Invok: Depart the Abyss  |     1 |       ||     1
 Abil: Dig               |     2 |     2 ||     4
  Use: Scroll            |       |     2 ||     2
  Eat: Chunk             |       |     6 ||     6
Armor: Leather armour    |    33 |    39 ||    72
       Ring mail         |       |    19 ||    19
       Scale mail        |       |     6 ||     6
Dodge: Dodged            |    67 |   136 ||   203

Table legend:
 A = Non-vault XP
 B = Vault XP
 C = Vault XP percentage of total XP
 D = Non-vault monster count
 E = Vault monster count
 F = Vault count percentage of total count
                 A         B        C        D         E       F
            +---------+---------+-------+---------+---------+-------
      Total |     233 |      37 |  13.7 |      73 |      12 |  14.1
            +---------+---------+-------+---------+---------+-------
        D:1 |      48 |       8 |  14.3 |      24 |       4 |  14.3
        D:2 |      79 |      29 |  26.9 |      21 |       8 |  27.6
        D:3 |      59 |       0 |   0.0 |      24 |       0 |   0.0
        D:4 |      47 |       0 |   0.0 |       4 |       0 |   0.0
            +---------+---------+-------+---------+---------+-------
